 Dungeon Crawl Stone Soup version 0.30-a0-778-g2ef04afb54 (webtiles) character file.

Game seed: 8771915175652237149

33 sircluck the Shield-Bearer (level 3, -4/33 HPs)
             Began as a Minotaur Fighter on Feb 16, 2023.
             Slain by a gnoll
             ... wielding a +0 flail of holy wrath
              (6 damage)
             ... on level 2 of the Dungeon.
             The game lasted 00:01:58 (1132 turns).

sircluck the Shield-Bearer (Minotaur Fighter)       Turns: 1132, Time: 00:01:59

Health: -4/33      AC:  7    Str: 22    XL:     3   Next: 12%
Magic:  2/2        EV:  9    Int:  5    God:
Gold:   17         SH:  4    Dex:  9    Spells: 2/2 levels left

rFire   . . .      SeeInvis .    a - +0 long sword
rCold   . . .      Faith    .    c - +0 buckler
rNeg    . . .      Spirit   .    b - +0 scale mail
rPois   .          Reflect  .    (helmet restricted)
rElec   .          Harm     .    (no cloak)
rCorr   .          Rampage  .    (no gloves)
Will    .....                    (no boots) Stlth
                                 (no amulet)
HPRegen 0.25/turn                (no ring)
MPRegen 0.08/turn                (no ring)

@: no status effects
A: horns 2, retaliatory headbutt
a: no special abilities


You were on level 2 of the Dungeon.
You visited 1 branch of the dungeon, and saw 2 of its levels.

You collected 17 gold pieces.

Inventory:

Hand Weapons
 a - a +0 long sword (weapon)
Missiles
 j - 2 throwing nets (quivered)
 o - 17 stones
Armour
 b - a +0 scale mail (worn)
 c - a +0 buckler (worn)
Jewellery
 e - a ring of protection from cold
 f - a ring of ice
Scrolls
 h - 3 scrolls of enchant weapon {unknown}
 k - a scroll of identify {unknown}
 l - 2 scrolls of teleportation {unknown}
 n - a scroll of amnesia {unknown}
Potions
 d - a potion of might
 g - a potion of curing {unknown}
 i - a potion of cancellation {unknown}
 m - 2 potions of mutation {unknown}


   Skills:
 + Level 4.1 Fighting
 + Level 2.8 Long Blades
 + Level 4.1 Armour
 + Level 0.3 Dodging
 + Level 4.1 Shields


You had 2 spell levels left.
You didn't know any spells.
Your spell library was empty.

Dungeon Overview and Level Annotations

Branches:
Dungeon (2/15)

Altars:

Shops:
D:1 (


Innate Abilities, Weirdness & Mutations

You have a pair of horns on your head.
You reflexively headbutt those who attack you in melee.


Message History

A gnoll is nearby!
A gnoll is nearby!
A gnoll is nearby!
A gnoll is nearby!
A gnoll is nearby!
The gnoll shouts!
A gnoll is nearby!
A gnoll is nearby!
A gnoll is nearby!
A gnoll comes into view.
It is wielding a +0 flail of holy wrath.
The gnoll hits you from afar with a +0 spear.
The gnoll hits you with a +0 spear.
You hit the gnoll.
You headbutt the gnoll, but do no damage.
The gnoll is heavily wounded.
The gnoll closely misses you.
You hit the gnoll. Your headbutt misses the gnoll.
The gnoll is heavily wounded.
The gnoll closely misses you.
You hit the gnoll but do no damage.
The gnoll is heavily wounded.
The gnoll hits you but does no damage. The gnoll hits you with a +0 spear.
The gnoll barely misses you. The gnoll completely misses you.
You barely miss the gnoll.
The gnoll is heavily wounded.
You block the gnoll's attack. The gnoll hits you with a +0 spear.
A gnoll comes into view. It is wielding a +0 whip.
The gnoll shouts!
You hit the gnoll but do no damage. Your headbutt misses the gnoll.
The gnoll is heavily wounded.
The gnoll barely misses you. You block the gnoll's attack.
You hit the gnoll.
The gnoll is almost dead.
The gnoll hits you with a +0 flail of holy wrath!
* * * LOW HITPOINT WARNING * * *
The gnoll hits you with a +0 spear!
* * * LOW HITPOINT WARNING * * *
The gnoll completely misses you.
The gnoll hits you with a +0 flail of holy wrath.
You die...

.......)#
........####
...........#
..........#
#........#
#........#
#††<.....#
#..†.....####
#......@g...#
#....$(.g##g...
#........# #
#....[...#
########...
.### ##


You could see 3 gnolls.

Vanquished Creatures
  A dart slug (D:1)
  An endoplasm (D:1)
  3 giant cockroaches (D:1)
  2 hobgoblins (D:1)
  3 quokkas (D:1)
  2 ball pythons
  4 bats
  3 frilled lizards (D:1)
  4 goblins (D:1)
  3 kobolds (D:1)
  6 rats
32 creatures vanquished.

Notes
Turn   | Place    | Note
-------+----------+-------------------------------------------
     0 | D:1      | sircluck the Minotaur Fighter began the quest for the Orb.
     0 | D:1      | Reached XP level 1. HP: 19/19 MP: 0/0
   150 | D:1      | Reached XP level 2. HP: 27/27 MP: 1/1
   539 | D:1      | Found Itibre's Weapon Emporium.
   839 | D:1      | Reached XP level 3. HP: 33/33 MP: 2/2
  1132 | D:2      | Slain by a gnoll

Illustrated notes

Levels and vault maps discovered:
D:1:      mrwooster_arrival_statue, layout_loops_ring, serial_shops, shop,
          kennysheep_small_spiral
D:2:      layout_rooms, serial_rivers, chequers_serial_rivers_micro_e,
          chequers_serial_rivers_large_a, chequers_serial_rivers_small_3,
          chequers_serial_rivers_large_b, uniq_natasha

Skill      XL: |  1  2 |
---------------+-------+-----
Armour         | 4 |  4.1
Shields        | 4 |  4.1
Fighting       | 4 |  4.1
Long Blades    | |  2.8
Dodging        | |  0.3

Action                     || total
---------------------------++-------
  Melee: Long sword        ||    50
         Headbutt          ||     8
 Armour: Scale mail        ||    68
  Dodge: Dodged            ||    73
  Block: Buckler           ||    32

Table legend: (Time is in decaauts)
 A = Elapsed time spent in this place.
 B = Non-inter-level travel time spent in this place.
 C = Inter-level travel time spent in this place.
 D = Time resting spent in this place.
 E = Time spent auto-exploring this place.
 F = Levels seen in this place.
 G = Mean time per level.
                   A        B        C        D        E       F      G
               +--------+--------+--------+--------+--------+-----+--------+
         Total |   1146 |   1047 |     99 |      0 |    655 |   2 |  573.0 |
       Dungeon |   1146 |   1047 |     99 |      0 |    655 |   2 |  573.0 |
               +--------+--------+--------+--------+--------+-----+--------+

Top non-repeatable levels by time:
     D:1: 1122 daAuts
     D:2: 24 daAuts
